Map: Dreamcatcher LE

Players

Lillekanin - Winner!

  • Race: Terran Terran
  • Spawn Location: 11:00

Clem

  • Race: Terran Terran
  • Spawn Location: 5:00

Event: WCS Valencia 2018

VOD

Have the link to the VOD?

Description

Time

  • Played on: July 12, 2018, 9:40 a.m.
  • Length: 12:36

All games in this series

Show
View Real Time Build Order
Export as new Build Order

Lillekanin Terran - Winner!

Build Orders:  

Get SALT Encoding   

  12  0:00  SCV  
  13  0:12  SCV  
  14  0:18  Supply Depot  
  14  0:24  SCV  
  15  0:30  Refinery  
  15  0:39  SCV  
  16  0:50  Barracks  
  16  1:05  Barracks  
  16  1:07  SCV  
  17  1:19  SCV  
  18  1:26  Refinery  
  19  1:37  Reaper  
  20  1:40  Orbital Command  
  19  1:52  Supply Depot, Reaper  
  20  2:07  SCV  
  21  2:09  Reaper  
  22  2:19  Factory  
  22  2:24  Reaper  
  23  2:31  Bunker  
  23  2:41  Reaper  
  21  2:53  SCV  
  21  2:56  Reaper  
  23  3:06  SCV  
  24  3:18  SCV  
  24  3:19  Cyclone  
  27  3:29  Supply Depot  
  27  3:34  SCV  
  27  3:35  Starport  
  27  3:46  SCV  
  28  3:50  Marine  
  29  3:55  Cyclone  
  29  3:58  SCV  
  29  4:01  Concussive Shells, Marauder  
  35  4:13  Viking  
  35  4:24  Marauder  
  35  4:26  SCV  
  35  4:35  Cyclone  
  35  4:37  Marine  
  34  4:55  Starport Tech Lab  
  32  5:07  Command Center  
  32  5:11  Factory Reactor  
  33  5:22  Barracks  
  32  5:29  Raven  
  32  5:36  SCV  
  33  5:48  SCV  
  34  5:50  Cyclone  
  34  5:54  Supply Depot  
  37  6:00  SCV  
  38  6:07  Supply Depot  
  38  6:13  SCV  
  38  6:15  Cyclone  
  42  6:25  SCV  
  43  6:30  Cyclone  
  46  6:37  SCV  
  46  6:38  Refinery  
  47  6:43  Orbital Command  
  47  6:49  SCV  
  48  6:54  Cyclone  
  48  7:00  Factory  
  48  7:01  SCV  
  52  7:02  Barracks Reactor  
  52  7:09  SCV  
  52  7:10  Supply Depot  
  52  7:13  SCV  
  54  7:21  Cyclone, SCV  
  58  7:25  SCV  
  59  7:33  SCV  
  59  7:35  Supply Depot  
  60  7:37  SCV  
  60  7:40  Armory  
  61  7:45  SCV  
  61  7:48  Viking  
  61  7:49  SCV  
  61  7:50  Viking  
  67  7:57  SCV  
  68  8:01  Siege Tank  
  71  8:10  Hellion  
  71  8:11  Hellion  
  75  8:16  SCV  
  75  8:18  Viking  
  78  8:23  Viking  
  78  8:24  Supply Depot  
  80  8:27  Supply Depot  
  80  8:28  SCV  
  80  8:29  Supply Depot  
  80  8:30  Refinery  
  81  8:41  Siege Tank  
  81  8:44  Hellion  
  86  8:49  Hellion  
  86  8:54  SCV  
  86  8:55  SCV  
  90  9:02  Viking  
  92  9:06  SCV  
  92  9:07  SCV  
  82  9:18  Hellion, Siege Tank  
  87  9:33  Factory  
  87  9:37  SCV  
  88  9:40  Viking  
  90  9:50  Siege Tank  
  90  9:51  Hellion x2  
  94  10:03  Liberator  
  83  10:12  Hellion x2  
  84  10:17  Factory Tech Lab  
  84  10:22  Siege Tank  
  75  10:52  Siege Tank  
  75  10:56  Siege Tank  
  79  10:57  Hellion x2  
  81  11:05  Viking  
  81  11:10  Supply Depot  
  83  11:17  SCV x2  
  74  11:24  Siege Tank  
  71  11:29  Hellion x2, SCV  
  78  11:32  Siege Tank  
  78  11:34  SCV  
  79  11:46  SCV  
  80  11:56  Viking, Siege Tank  
  81  12:25  Command Center  
Show
View Real Time Build Order
Export as new Build Order

Clem Terran 

Build Orders: Cyclone Opening 

Get SALT Encoding   

  12  0:00  SCV  
  13  0:12  SCV  
  14  0:17  Supply Depot  
  14  0:24  SCV  
  15  0:31  Refinery  
  15  0:39  SCV  
  16  0:44  Barracks  
  16  0:51  SCV  
  16  0:55  Refinery  
  17  1:03  SCV  
  18  1:15  SCV  
  19  1:31  Orbital Command  
  19  1:33  Factory  
  19  1:35  Reaper  
  20  1:43  Supply Depot  
  20  1:57  SCV  
  21  2:07  Reaper  
  22  2:09  SCV  
  23  2:17  Cyclone  
  23  2:21  SCV  
  27  2:33  SCV  
  26  2:45  SCV  
  25  2:52  Reaper  
  25  2:54  Cyclone  
  25  2:56  Supply Depot  
  25  2:58  SCV  
  29  3:10  SCV  
  25  3:22  SCV  
  25  3:26  Starport  
  26  3:30  Barracks Tech Lab  
  26  3:34  SCV  
  26  3:37  Hellion  
  29  3:46  SCV  
  30  3:58  SCV  
  30  3:59  Cyclone  
  30  4:01  Marine  
  35  4:03  Viking  
  37  4:10  SCV  
  35  4:22  Marine  
  35  4:23  SCV  
  32  4:35  SCV  
  32  4:40  Marine  
  35  4:46  Supply Depot  
  35  4:47  Cyclone, SCV  
  34  4:58  Marine  
  34  4:59  SCV  
  36  5:10  Command Center  
  36  5:11  SCV  
  37  5:17  Raven  
  39  5:23  SCV  
  39  5:26  Supply Depot  
  40  5:35  SCV  
  37  5:40  Barracks Reactor, Factory Tech Lab  
  37  5:47  SCV  
  38  5:59  SCV  
  39  6:06  Siege Tank  
  39  6:11  SCV  
  40  6:19  Viking, Marine x2  
  40  6:23  Orbital Command  
  40  6:24  SCV  
  45  6:36  SCV  
  45  6:38  Marine x2  
  48  6:44  Siege Tank  
  51  6:48  SCV  
  51  6:49  SCV  
  53  6:57  Viking, Marine x2  
  53  7:00  SCV  
  53  7:01  SCV  
  59  7:07  Barracks  
  59  7:11  Barracks  
  59  7:14  SCV x2  
  61  7:21  Marine  
  61  7:22  Siege Tank  
  65  7:23  Marine  
  65  7:28  Supply Depot  
  66  7:32  SCV x2  
  66  7:37  Supply Depot  
  68  7:40  Supply Depot  
  68  7:44  SCV x2  
  68  7:45  Starport Reactor  
  68  7:49  Marine  
  71  7:52  Supply Depot, Refinery  
  71  7:55  Refinery  
  71  7:56  SCV x2  
  73  7:58  Barracks Reactor  
  73  8:05  Marine  
  73  8:08  SCV, Marine  
  73  8:09  SCV  
  73  8:11  Siege Tank  
  80  8:16  Supply Depot  
  80  8:18  Barracks Tech Lab  
  80  8:19  Engineering Bay  
  80  8:20  Stimpack  
  80  8:26  Marauder  
  82  8:27  Marine x2  
  82  8:28  SCV  
  82  8:30  SCV  
  86  8:38  Combat Shields  
  86  8:44  Marine  
  86  8:45  Marauder  
  86  8:47  SCV, Marauder  
  92  8:49  SCV  
  92  8:52  Marine  
  94  8:56  Supply Depot  
  94  9:02  Marine  
  94  9:09  Marine  
  84  9:10  Siege Tank  
  84  9:13  Medivac  
  75  9:18  Marauder x2  
  75  9:20  Marine  
  75  9:23  Terran Infantry Weapons Level 1  
  75  9:24  Medivac  
  74  9:27  Marine  
  75  9:34  Command Center  
  75  9:38  Marine  
  75  9:40  Marauder x2  
  75  9:45  Marine  
  81  9:46  Medivac  
  81  9:52  Siege Tank  
  86  9:54  Medivac  
  86  9:56  Supply Depot, Marine  
  89  10:02  Marine, Marauder  
  76  10:11  Marine  
  68  10:16  Medivac  
  68  10:17  Barracks x2  
  68  10:18  Marine  
  68  10:20  Marauder  
  73  10:24  Marauder  
  74  10:28  Marine  
  74  10:29  Medivac  
  74  10:31  Siege Tank  
  79  10:35  Marine  
  79  10:42  Marauder  
  78  10:45  SCV, Marauder  
  78  10:46  Marine  
  67  10:53  Marine  
  64  11:01  Medivac  
  64  11:03  Siege Tank, Marauder  
  71  11:04  Marine  
  71  11:06  Marauder  
  72  11:11  Marine  
  72  11:16  SCV  
  56  11:20  SCV  
  56  11:24  Barracks Tech Lab, Marauder  
  53  11:28  Marauder  
  53  11:30  Marine  
  53  11:31  Marine  
  56  11:34  Barracks Reactor  
  56  11:40  Medivac  
  56  11:45  Medivac  
  56  11:46  Marauder  
  62  11:54  Marine x2  
  62  11:55  Marauder x2  
  56  12:11  Marauder  
  56  12:12  Marine x2  
  61  12:16  Marine  
  61  12:17  Marine x2  
Tags
 
Add a new tag
Caveats
  • Supply blocks, unpowered buildings, or Contaminate may cause inaccurate times.
  • Supply counts are checked every 10 seconds.